 Dungeon Crawl Stone Soup version 0.31-a0-569-g7ea453304b (webtiles) character file.

Game seed: 7653593853313342603

88 Ethylacetat the Ducker (level 4, -3/31 HPs)
             Began as an Octopode Gladiator on Aug 18, 2023.
             Killed from afar by Natasha (9 damage)
             ... with a magic dart
             ... on level 2 of the Dungeon.
             The game lasted 00:01:09 (1203 turns).

Ethylacetat the Ducker (Octopode Gladiator)         Turns: 1203, Time: 00:01:10

Health: -3/31      AC:  1    Str: 13    XL:     4   Next: 54%
Magic:  4/4        EV: 14    Int: 10    God:
Gold:   94         SH:  0    Dex: 15    Spells: 3/3 levels left

rFire   . .          .
                       - Unarmed
rCold   . . .        (no shield)
rNeg    . . .        a - +0 hat
rPois   .            (no amulet)
rElec   .            (no ring)
rCorr   .            (no ring)
SInv    .            (no ring)
Will    .....        (no ring)
Stlth   ++           (no ring)
HPRegen 0.25/turn    (no ring)
MPRegen 0.09/turn    (no ring)
                     (no ring)

%: no passive effects
@: slowed, very slow
A: almost no armour, amphibious, 8 rings, camouflage 1, gelatinous body 1,
(nimble swimmer 1), tentacles
a: no special abilities


You were on level 2 of the Dungeon.
You visited 1 branch of the dungeon, and saw 2 of its levels.

You collected 94 gold pieces.

Inventory:

Missiles
 b - 3 throwing nets (quivered)
 c - 6 javelins
Armour
 a - a +0 hat (worn)
Scrolls
 d - a scroll of fog {unknown}
 f - a scroll of identify {unknown}
 g - a scroll of brand weapon {unknown}
 i - a scroll of amnesia {unknown}
 j - a scroll of teleportation {unknown}
 m - a scroll of poison {unknown}
 n - a scroll of blinking {unknown}
Potions
 e - a potion of haste {unknown}
 h - 2 potions of heal wounds {unknown}
 k - a potion of attraction {unknown}
 l - a potion of curing {unknown}


   Skills:
 + Level 3.1 Fighting
 - Level 2.0 Throwing
 + Level 3.8 Dodging
 + Level 3.8 Unarmed Combat


You had 3 spell levels left.
You didn't know any spells.
Your spell library contained the following spells:

 Spells                   Type           Power      Damage    Failure   Level
 Blink                    Tloc           0%         N/A       50%         2
 Call Canine Familiar     Summ           0%         N/A       75%         3
 Portal Projectile        Hex/Tloc       0%         N/A       75%         3
 Leda's Liquefaction      Hex/Erth       0%         N/A       98%         4
 Manifold Assault         Tloc           0%         N/A       98%         4


Dungeon Overview and Level Annotations

Branches:
Dungeon (2/15)

Altars:

Shops:
D:1 ?

Annotations:
D:2 Natasha


Innate Abilities, Weirdness & Mutations

You cannot wear most types of armour.
You are amphibious.
You can wear up to eight rings at the same time.
Your skin changes colour to match your surroundings (Stealth+).
Your rubbery body absorbs attacks. (AC +1, EV +1)
((You are camouflaged when in or above water. (Stealth+)))
You have tentacles for arms and can constrict up to eight enemies at once.


Message History

You are frozen.
* * * LOW HITPOINT WARNING * * *
Natasha barely misses you. The kobold barely misses you.
You tentacle-slap Natasha.
You kill Natasha!
You hear a faint echoing roar filled with hate and sorrow!
The kobold closely misses you. The endoplasm closely misses you.
Your Fighting skill increases to level 3!
You tentacle-slap the endoplasm. You squeeze the endoplasm.
The endoplasm is heavily wounded.
The kobold hits you with a +0 dagger.
* * * LOW HITPOINT WARNING * * *
The endoplasm misses you. The kobold closely misses you.
The endoplasm closely misses you.
You completely miss the endoplasm.
The endoplasm is heavily wounded.
The kobold completely misses you. The endoplasm closely misses you.
The goblin hits you but does no damage.
You tentacle-slap the endoplasm.
You kill the endoplasm!
The kobold closely misses you. The goblin barely misses you.
You barely miss the kobold. You grab the kobold. You squeeze the kobold.
You kill the kobold!
The goblin closely misses you. The goblin completely misses you.
You tentacle-slap the goblin but do no damage.
Your grab misses the goblin. The goblin hits you with a +0 club.
* * * LOW HITPOINT WARNING * * *
You miss the goblin. Your grab misses the goblin.
Your squeeze misses the goblin. The goblin misses you.
The goblin hits you with a +0 club.
* * * LOW HITPOINT WARNING * * *
You tentacle-slap the goblin.
You kill the goblin!
Natasha, Servant of Life and Death comes into view.
Natasha hisses angrily.
Natasha howls an incantation.
Natasha glows brightly for a moment.
Natasha casts a spell at you. The magic dart hits you!
You die...

#.####### # ##.##
##...####
##.....$.#
###........#
#..........# #.
#.#.......##
#.#.†......#..
####..).@...##.##
......).........
..?...).........
..#.#......###.#
...h..###### .#
#.##.. #. #!. ...
...


You could see Natasha.

Vanquished Creatures
  Natasha (twice) (D:2)
  2 worms (D:2)
  A dart slug (D:2)
  3 ball pythons
  2 bats
  An endoplasm (D:2)
  A giant cockroach (D:1)
  5 goblins
  4 hobgoblins
  2 quokkas (D:2)
  A frilled lizard (D:2)
  5 kobolds
  A rat (D:1)
30 creatures vanquished.

Notes
Turn   | Place    | Note
-------+----------+-------------------------------------------
     0 | D:1      | Ethylacetat the Octopode Gladiator began the quest for the
                  | Orb.
     0 | D:1      | Reached XP level 1. HP: 14/14 MP: 1/1
    32 | D:1      | Found a faded altar of an unknown god.
   205 | D:1      | Reached XP level 2. HP: 14/19 MP: 2/2
   676 | D:1      | Found Jovvipp's Magic Scroll Shop.
   841 | D:2      | Noticed Natasha
   850 | D:2      | Killed Natasha
   851 | D:2      | Reached XP level 3. HP: 13/25 MP: 3/3
  1185 | D:2      | Noticed Natasha
  1188 | D:2      | Reached XP level 4. HP: 28/30 MP: 4/4
  1195 | D:2      | Killed Natasha
  1202 | D:2      | Noticed Natasha
  1203 | D:2      | Killed from afar by Natasha

Illustrated notes

Levels and vault maps discovered:
D:1:      dpeg_arrival_shrine, layout_loops_cross, serial_shops, shop,
          basic_ecumenical_altar, minmay_crystal_water, nicolae_eternal_life,
          amcnicky_mini_pool_small
D:2:      layout_loops_ring, uniq_robin, uniq_natasha

Skill      XL: |  1  2  3  4 |
---------------+-------------+-----
Fighting       | 3 |  3.1
Throwing       | |  2.0
Dodging        | |  3.8
Unarmed Combat | |  3.8

Action                     |  1- 3 |  4- 6 || total
---------------------------+-------+-------++-------
  Melee: Unarmed           |    49 |    13 ||    62
         Constrict         |    15 |     2 ||    17
         Tentacles         |    12 |     3 ||    15
         Punch             |     2 |       ||     2
   Stab: Sleeping          |     7 |       ||     7
 Armour: Skin              |     1 |     2 ||     3
  Dodge: Dodged            |    18 |    21 ||    39

Table legend: (Time is in decaauts)
 A = Elapsed time spent in this place.
 B = Non-inter-level travel time spent in this place.
 C = Inter-level travel time spent in this place.
 D = Time resting spent in this place.
 E = Time spent auto-exploring this place.
 F = Levels seen in this place.
 G = Mean time per level.
                   A        B        C        D        E       F      G
               +--------+--------+--------+--------+--------+-----+--------+
         Total |   1206 |   1169 |     37 |      0 |    977 |   2 |  603.0 |
       Dungeon |   1206 |   1169 |     37 |      0 |    977 |   2 |  603.0 |
               +--------+--------+--------+--------+--------+-----+--------+

Top non-repeatable levels by time:
     D:1: 805 daAuts
     D:2: 400 daAuts
